 Dungeon Crawl Stone Soup version 0.27.1-33-g824d729ab1 (webtiles) character file.

Game seed: 15790240511044547267

2238 alasdair19 the Protected (level 9, -6/75 HPs)
             Began as a Minotaur Fighter on Dec 4, 2021.
             Was a Follower of Okawaru.
             Mangled by an unseen horror (7 damage)
             ... on level 7 of the Dungeon on Dec 5, 2021.
             The game lasted 00:15:01 (6698 turns).

alasdair19 the Protected (Minotaur Fighter)         Turns: 6698, Time: 00:15:01

Health: -6/75      AC: 13    Str: 24    XL:     9   Next: 14%
Magic:  8/8        EV:  5    Int: 12    God:    Okawaru [*.....]
Gold:   311        SH: 11    Dex:  9    Spells: 8/8 levels left

rFire    + . .     SeeInvis .   a - +0 long sword (drain)
rCold    . . .     Faith    .   c - +0 kite shield
rNeg     . . .     Spirit   .   h - +0 plate armour
rPois    .         Reflect  .   (helmet restricted)
rElec    .         Harm     .   (no cloak)
rCorr    .         Rampage  .   (no gloves)
Will     .....                  (no boots)
Stlth    ..........             (no amulet)
HPRegen  0.22/turn              w - +6 ring of intelligence
MPRegen  0.11/turn              y - ring of protection from fire

@: no status effects
A: horns 2, retaliatory headbutt
a: Renounce Religion, Heroism


You were on level 7 of the Dungeon.
You worshipped Okawaru.
Okawaru was aware of your devotion.
You visited 2 branches of the dungeon, and saw 8 of its levels.

You collected 311 gold pieces.

Inventory:

Hand Weapons
 a - a +0 long sword of draining (weapon)
Missiles
 l - a throwing net
 m - 48 poisoned darts (quivered)
 u - 4 javelins
Armour
 b - a +0 scale mail
 c - a +0 kite shield (worn)
 h - a +0 plate armour (worn)
Jewellery
 t - a ring of ice
 v - a ring of magical power
 w - a +6 ring of intelligence (left hand)
 y - a ring of protection from fire (right hand)
Wands
 B - a wand of iceblast (10)
Scrolls
 f - 2 scrolls of teleportation
 i - a scroll of magic mapping
 j - a scroll of brand weapon
 k - a scroll of vulnerability {unknown}
 n - a scroll of enchant weapon {unknown}
 o - a scroll of blinking {unknown}
 p - a scroll of enchant armour {unknown}
 r - 2 scrolls of summoning {unknown}
 A - 3 scrolls of fear {unknown}
Potions
 d - 3 potions of curing {unknown}
 e - a potion of berserk rage {unknown}
 g - a potion of resistance
 q - 2 potions of ambrosia {unknown}
 s - 2 potions of flight {unknown}
 x - 3 potions of degeneration {unknown}
 z - 2 potions of mutation {unknown}


   Skills:
 + Level 6.1 Fighting
 + Level 8.0 Long Blades
 * Level 4.9 Throwing
 + Level 8.0 Armour
 + Level 7.4 Shields


You had 8 spell levels left.
You didn't know any spells.
Your spell library contained the following spells:

 Spells                   Type           Power      Damage    Failure   Level
 Magic Dart               Conj           0%         1d3       100%        1
 Summon Small Mammal      Summ           0%         N/A       100%        1
 Call Imp                 Summ           0%         N/A       100%        2
 Call Canine Familiar     Summ           0%         N/A       100%        3
 Mephitic Cloud           Conj/Pois/Air  0%         N/A       100%        3
 Summon Guardian Golem    Hex/Summ       0%         N/A       100%        3


Dungeon Overview and Level Annotations

Branches:
Dungeon (7/15)             Temple (1/1) D:6

Altars:
Ashenzari
Elyvilon
Fedhas
Hepliaklqana
Makhleb
Nemelex Xobeh
Okawaru
Ru
Sif Muna
Trog
Vehumet
Wu Jian
Xom
The Shining One

Shops:
D:4 =

Annotations:
D:7 Duvessa


Innate Abilities, Weirdness & Mutations

You have a pair of horns on your head.
You reflexively headbutt those who attack you in melee.


Message History

Okawaru accepts your kill.
You feel sick.
The centaur wields a +0 shortbow.
The centaur shoots an arrow.
Duvessa, Sister of Dowan comes into view.
She is wielding a +0 rapier and wearing a +1 leather armour of fire resistance.
The hornet zombie hits you but does no damage.
Your Long Blades skill increases to level 8!
Your Armour skill increases to level 8!
You feel sick.
The boulder beetle curls into a ball and begins rolling!
You feel sick.
You feel sick.
You are no longer poisoned.
The boulder beetle stops rolling and uncurls.
The centaur shoots an arrow.
Something hits you but does no damage.
Deactivating autopickup; reactivate with Ctrl-A.
The centaur shoots an arrow.
The arrow hits you. Something hits you. x3
Something hits you but does no damage. x2
Something hits you. Something hits you but does no damage. Something hits you!
Something hits you but does no damage. Something hits you. x2
* * * LOW HITPOINT WARNING * * *
Something hits you!
* * * LOW HITPOINT WARNING * * *
The centaur zaps a wand.
Something hits you but does no damage.
The centaur shoots an arrow.
The arrow barely misses you. Something hits you but does no damage.
Something hits you.
* * * LOW HITPOINT WARNING * * *
Something hits you but does no damage. Something hits you.
* * * LOW HITPOINT WARNING * * *
Something hits you but does no damage. You block something's attack. x2
You block something's attack. x2; Something hits you but does no damage.
The sentinel's mark upon you fades away.
Something hits you.
* * * LOW HITPOINT WARNING * * *
The centaur shoots an arrow.
The arrow hits you.
* * * LOW HITPOINT WARNING * * *
Something hits you!
You die...

#.....## #......#
#..###.### #.## #...#
####.######.## #
#........##..#### #
#.##.###.B..uc[.########
###### #.##.#
#######.......... ..>...
#....## ##.@#######
####. ####..####
####.###### ###. #
#c....# #..(......# #...
.. #.###.# #...#####.##
###.## #.#B# )# #...
#..#####...#) #.e.# #
#... #####..##..^###.
#..## #... #...##....###
#. #... .._. #...##..###
#. #.°. #.#∩# #...##..#
#.


You could see a purple ugly thing and a centaur.

Vanquished Creatures
  Maggie (D:6)
  Sigmund (D:6)
  Eustachio (D:5)
  Menkaure (D:5)
  4 black bears
  A necrophage (D:6)
  An ogre (D:5)
  A sky beast (D:5)
  A centaur (D:6)
  A bullfrog (D:6)
  2 scorpions (D:7)
  A wyvern skeleton (D:6)
  2 howler monkeys (D:7)
  A bullfrog zombie (D:7)
  A jelly (D:4)
  2 orc priests (D:6)
  A bullfrog skeleton (D:6)
  5 hounds
  2 centaur skeletons (D:7)
  An iguana (D:5)
  A scorpion zombie (D:5)
  A gnoll (D:1)
  A howler monkey skeleton (D:7)
  4 adders
  An ufetubus (D:6)
  A dart slug (D:3)
  6 orcs
  6 endoplasms
  7 giant cockroaches
  5 goblins
  A hobgoblin (D:1)
  7 jackals
  A quokka (D:1)
  6 ball pythons
  10 bats
  2 frilled lizards
  8 kobolds
  3 rats
102 creatures vanquished.

Notes
Turn   | Place    | Note
-------+----------+-------------------------------------------
     0 | D:1      | alasdair19 the Minotaur Fighter began the quest for the
                  | Orb.
     0 | D:1      | Reached XP level 1. HP: 19/19 MP: 0/0
   137 | D:1      | Reached XP level 2. HP: 27/27 MP: 1/1
   448 | D:1      | Reached XP level 3. HP: 28/33 MP: 2/2
  1255 | D:2      | Reached XP level 4. HP: 41/41 MP: 3/3
  1498 | D:3      | Found a sparkling altar of Nemelex Xobeh.
  1501 | D:3      | Found a glowing golden altar of the Shining One.
  1507 | D:3      | Found a shimmering altar of Xom.
  1507 | D:3      | Found a white marble altar of Elyvilon.
  2630 | D:4      | Reached skill level 1 in Throwing
  2805 | D:4      | Found Kuimaaze's Jewellery Boutique.
  2811 | D:4      | Reached XP level 5. HP: 47/47 MP: 4/4
  3303 | D:5      | Entered Level 5 of the Dungeon
  3396 | D:5      | Noticed Eustachio
  3487 | D:5      | Killed Eustachio
  3488 | D:5      | Reached skill level 5 in Armour
  3488 | D:5      | Reached skill level 5 in Shields
  3488 | D:5      | Reached XP level 6. HP: 16/53 MP: 5/5
  3796 | D:5      | Noticed a sky beast
  3829 | D:5      | Killed a sky beast
  3897 | D:5      | Reached skill level 5 in Fighting
  3897 | D:5      | Reached skill level 5 in Long Blades
  3897 | D:5      | Reached XP level 7. HP: 55/61 MP: 6/6
  4004 | D:5      | Found a bloodstained altar of Trog.
  4045 | D:5      | Noticed Menkaure
  4049 | D:5      | Killed Menkaure
  4911 | D:6      | Identified the +2 spear of Vetedgh {freeze, +Blink rPois
                  | Will+ Int-2}
  5054 | D:6      | Reached XP level 8. HP: 39/69 MP: 7/7
  5385 | D:6      | Found a staircase to the Ecumenical Temple.
  5395 | Temple   | Entered the Ecumenical Temple
  5425 | Temple   | Became a worshipper of Warmaster Okawaru
  5545 | D:6      | Noticed Sigmund
  5567 | D:6      | Killed Sigmund
  6136 | D:6      | Noticed Maggie
  6153 | D:6      | Killed Maggie
  6153 | D:6      | Reached * piety under Okawaru
  6413 | D:7      | Reached XP level 9. HP: 72/75 MP: 8/8
  6611 | D:7      | Found a burning altar of Makhleb.
  6675 | D:7      | Noticed a purple ugly thing
  6676 | D:7      | Noticed a boulder beetle
  6680 | D:7      | Noticed Duvessa
  6697 | D:7      | HP: 1/75 [centaur/arrow (4)]
  6698 | D:7      | Mangled by an unseen horror

Illustrated notes

Levels and vault maps discovered:
D:1:      zaba_arrival_water, layout_rooms, chequers_serial_rivers_small_3
D:2:      layout_loops_ring
D:3:      layout_basic, minitemple, chequers_serial_rivers_large_a
D:4:      layout_loops_corners, serial_shops, nicolae_square_shop
D:5:      layout_basic, trog_ov_bears_minmay, uniq_menkaure, uniq_eustachio
D:6:      layout_loops_cross, minmay_temple_entry_large_hall, uniq_maggie,
          uniq_sigmund
D:7:      layout_rooms, makhleb_heckhound_becter, minmay_manual_mandibuliform,
          uniq_duvessa
Temple:   regret_index_temple_sphere_string

Skill      XL: |  1  2  3  4  5  6  7  8  9 |
---------------+----------------------------+-----
Fighting       | 4 5 6 |  6.1
Armour         | 4 5 6 7 8 |  8.0
Shields        | 4 5 6 7 |  7.4
Long Blades    | 3 4 5 6 7 8 |  8.0
Throwing       | 1 2 3 4 |  4.9

Action                   |  1- 3 |  4- 6 |  7- 9 || total
-------------------------+-------+-------+-------++-------
Melee: Long sword        |   102 |   117 |   169 ||   388
       Headbutt          |     7 |    24 |    34 ||    65
Throw: Throwing net      |     4 |       |       ||     4
       Dart              |     1 |     8 |     6 ||    15
  Use: Scroll            |       |     3 |     2 ||     5
       Potion            |       |     3 |       ||     3
Armor: Scale mail        |    18 |       |       ||    18
       Plate armour      |    43 |   108 |   135 ||   286
Dodge: Dodged            |    27 |    37 |    43 ||   107
Block: Kite shield       |    61 |    85 |   105 ||   251
       Rpst.: Long sword |     4 |     7 |     5 ||    16
